 Dungeon Crawl Stone Soup version 0.31-a0-816-gd61d57ddb1 (webtiles) character file.

Game seed: 6151239857608361859

82 MackTheKnife the Digger (level 4, -5/33 HPs)
             Began as a Ghoul Earth Elementalist on Sept 22, 2023.
             Slain by Terence
             ... wielding a +0 mace
              (6 damage)
             ... on level 3 of the Dungeon.
             The game lasted 00:04:29 (2267 turns).

MackTheKnife the Digger (Ghoul Earth Elementalist)  Turns: 2267, Time: 00:04:30

Health: -5/33      AC:  4    Str: 17    XL:     4   Next: 43%
Magic:  0/6        EV: 12    Int: 12    God:
Gold:   138        SH:  0    Dex:  9    Spells: 4/8 levels left

rFire   . . .        c - +0 mace {mace}
rCold   + . .        (no shield)
rNeg    + + +        l - +1 animal skin
rPois   ∞            b - +0 helmet
rElec   .            (no cloak)
rCorr   .            (no gloves)
SInv    .            (no boots)
Will    .....        h - amulet of the acrobat
Stlth   ++           q - +6 ring of strength
HPRegen 0.00/turn    (no ring)
MPRegen 0.10/turn

%: acrobat
@: inhibited regen
A: claws 1, cold resistance 1, negative energy resistance 3, inhibited
regeneration, torment resistance 2, devour on kill
a: no special abilities


You were on level 3 of the Dungeon.
You visited 1 branch of the dungeon, and saw 3 of its levels.

You collected 138 gold pieces.


Innate Abilities, Weirdness & Mutations

You are immune to poison.
You have sharp fingernails.
Your flesh is cold resistant. (rC+)
You are immune to negative energy. (rN+++)
You do not regenerate when monsters are visible.
You are immune to unholy pain and torment.
You thrive by killing the living.


   Skills:
 - Level 1.7 Dodging
 - Level 2.1 Stealth
 - Level 2.6 Spellcasting
 + Level 1.0 Conjurations
 - Level 0.8 Transmutations
 + Level 4.6 Earth Magic


You had 4 spell levels left.
You knew the following spells:

 Your Spells              Type           Power      Damage    Failure   Level
a - Sandblast             Erth           24%        2d8       3%          1
b - Stone Arrow           Conj/Erth      16%        3d8       24%         3

Your spell library contained the following spells:

 Spells                   Type           Power      Damage    Failure   Level
 Passwall                 Tmut/Erth      6%         N/A       13%         2
 Brom's Barrelling Bould  Conj/Erth      8%         2d3       63%         4
 Petrify                  Tmut/Erth      8%         N/A       63%         4

Inventory:

Hand Weapons
 c - a +0 mace (weapon) {mace}
   (You found it on level 1 of the Dungeon)
Missiles
 k - a poisoned dart (quivered) {throwing}
Armour
 a - a +0 robe
 b - a +0 helmet (worn)
   (You took it off Robin on level 2 of the Dungeon)
 l - a +1 animal skin (worn)
   (You took it off Robin on level 2 of the Dungeon)
 o - an orb of light
   (You found it on level 2 of the Dungeon)
Magical Staves
 j - a staff of cold {!astaff}
   (You found it on level 1 of the Dungeon)
Jewellery
 d - a ring of ice
   (You found it on level 1 of the Dungeon)
 h - an amulet of the acrobat (around neck)
   (You found it on level 1 of the Dungeon)
 q - a +6 ring of strength (left claw)
   (You found it on level 3 of the Dungeon)
Wands
 r - a wand of polymorph (13)
   (You found it on level 3 of the Dungeon)
Scrolls
 e - a scroll of immolation {unknown}
 f - a scroll of summoning {unknown}
 g - a scroll of enchant armour {unknown}
 i - a scroll of noise {unknown}
 m - a scroll of amnesia {unknown}
 n - a scroll of fog {unknown}
 s - a scroll of identify {unknown}
Potions
 p - a potion of enlightenment {unknown}

Dungeon Overview and Level Annotations

Branches:
Dungeon (3/15) Zot: 15673

Altars:

Annotations:
D:2 Sigmund
D:3 2 transporters, Jessica; Maratek's ghost, amateur DEEE; Terence

#.#####........( #.#
#......... #.# #.........
#.# #......@.. #.#
#......... #.# #.........
#.##.# #......... #.##@#..
.......... #######.##@#.#
########## .........#.#.#
.........#.#.#
.........#.#.#
.........#.#.#
#######'##.#.##############
...........................
#######.##.#.##########.###
#.##.#.#########..#


You could see Terence.


Message History

The blast of sand hits Terence but does no damage. 😎 MP[-1]
You lost 1 mp, and now have 4/6 mp.
The blast of sand misses Terence.
Terence barely misses you. 😎 MP[-1]
You lost 1 mp, and now have 3/6 mp.
The blast of sand hits Terence but does no damage.
Terence barely misses you. Terence closely misses you. 😎 MP[-1]
You lost 1 mp, and now have 2/6 mp.
The blast of sand hits Terence but does no damage.
Terence hits you with a +0 mace! 😕 HP[-8] MP[-1]
You take 8 damage, and now have 25/33 hp.
MASSIVE DAMAGE!! (PAUSE)
You lost 1 mp, and now have 1/6 mp.
The blast of sand hits Terence but does no damage.
Terence hits you with a +0 mace!
* * * LOW HITPOINT WARNING * * *
Terence misses you. 😨 HP[-10] MP[-1]
You take 10 damage, and now have 15/33 hp.
MASSIVE DAMAGE!! (PAUSE)
You lost 1 mp, and now have 0/6 mp.
You barely miss Terence. Terence shouts, "Now you die!"
Terence barely misses you. 😨 MP[+1]
You sock Terence!
Terence says, "Time to say good-bye..."
Terence completely misses you. Terence closely misses you.
Unknown command.
Casting: Sandblast (safe; 3% risk of failure)
Confirm with . or Enter, or press ? or * to list all spells.
Aiming: Sandblast (safe; 3% risk of failure)
Press: ? - help, Shift-Dir - straight line, f/p - Terence
Aim: Terence, wielding a +0 mace and wearing a +0 ring mail (almost dead, 84% to hit)
The blast of sand misses Terence.
Terence hits you with a +0 mace.
* * * LOW HITPOINT WARNING * * *
😨 HP[-5] MP[-1]
You take 5 damage, and now have 10/33 hp.
You lost 1 mp, and now have 0/6 mp.
You barely miss Terence. Terence hits you with a +0 mace.
* * * LOW HITPOINT WARNING * * *
Terence hits you with a +0 mace.
* * * LOW HITPOINT WARNING * * *
😱 HP[-2]
You take 2 damage, and now have 8/33 hp.
You barely miss Terence. Terence closely misses you.
Terence attacks as he pursues you! Terence closely misses you.
Terence attacks as he pursues you!
Terence hits you but does no damage. 😱 MP[+1]
Casting: Sandblast (safe; 3% risk of failure)
Confirm with . or Enter, or press ? or * to list all spells.
Aiming: Sandblast (safe; 3% risk of failure)
Press: ? - help, Shift-Dir - straight line, f/p - Terence
Aim: Terence, wielding a +0 mace and wearing a +0 ring mail (almost dead, 84% to hit)
The blast of sand hits Terence but does no damage.
Terence completely misses you. 😱 MP[-1]
You lost 1 mp, and now have 0/6 mp.
Okay, then.
Throw: 4 darts (poison) {throwing}
Press: ? - help, Q - select action, (/) - cycle Shift-Dir - straight line, f/p - Terence
Aim: Terence, wielding a +0 mace and wearing a +0 ring mail (almost dead, 52% to hit)
You throw a poisoned dart {throwing}.
The poisoned dart {throwing} closely misses Terence.
Terence hits you with a +0 mace.
* * * LOW HITPOINT WARNING * * *
😱 HP[-3]
You take 3 damage, and now have 5/33 hp.
Throw: 3 darts (poison) {throwing}
Press: ? - help, Q - select action, (/) - cycle Shift-Dir - straight line, f/p - Terence
Aim: Terence, wielding a +0 mace and wearing a +0 ring mail (almost dead, 52% to hit)
You throw a poisoned dart {throwing}.
The poisoned dart {throwing} hits Terence.
Terence hits you with a +0 mace.
* * * LOW HITPOINT WARNING * * *
😱 HP[-1]
You take 1 damage, and now have 4/33 hp.
Throw: 2 darts (poison) {throwing}
Press: ? - help, Q - select action, (/) - cycle Shift-Dir - straight line, f/p - Terence
Aim: Terence, wielding a +0 mace and wearing a +0 ring mail (almost dead, 52% to hit)
You throw a poisoned dart {throwing}.
The poisoned dart {throwing} barely misses Terence.
Terence barely misses you. Terence attacks as he pursues you!
Terence completely misses you. Terence attacks as he pursues you!
Terence hits you with a +0 mace.
* * * LOW HITPOINT WARNING * * *
😱 HP[-3]
You take 3 damage, and now have 1/33 hp.
Terence attacks as he pursues you! Terence misses you. 😱 MP[+1]
Casting: Sandblast (safe; 3% risk of failure)
Confirm with . or Enter, or press ? or * to list all spells.
Aiming: Sandblast (safe; 3% risk of failure)
Press: ? - help, Shift-Dir - straight line, f/p - Terence
Aim: Terence, wielding a +0 mace and wearing a +0 ring mail (almost dead, 84% to hit)
The blast of sand hits Terence.
Terence hits you with a +0 mace.
You die...

Skill      XL: |  1  2  3  4 |
---------------+-------------+-----
Spellcasting   | 2 |  2.6
Earth Magic    | 4 |  4.6
Conjurations   | 1 |  1.0
Dodging        | |  1.7
Stealth        | |  2.1
Transmutations | |  0.8

Action                     |  1- 3 |  4- 6 || total
---------------------------+-------+-------++-------
  Melee: Club              |     5 |       ||     5
         Mace              |     7 |    11 ||    18
  Throw: Dart              |       |     3 ||     3
   Cast: Sandblast         |    71 |    27 ||    98
    Use: Potion            |     4 |       ||     4
 Armour: Robe              |    18 |     5 ||    23
         Animal skin       |       |    16 ||    16
  Dodge: Dodged            |    36 |    31 ||    67

Levels and vault maps discovered:
D:1:      ncdulo_lavacross, layout_basic
D:2:      layout_loops_ring, ebering_ecumenical_altar_petrified, uniq_sigmund
D:3:      layout_basic, gammafunk_ghost_mausoleum, uniq_robin, uniq_terence,
          uniq_jessica

Notes
Turn   | Place    | Note
-------+----------+-------------------------------------------
     0 | D:1      | MackTheKnife the Ghoul Earth Elementalist began the quest
                  | for the Orb.
     0 | D:1      | Reached XP level 1. HP: 14/14 MP: 2/2
     0 | D:1      | magus.rc [v1.9.6]
    76 | D:1      | Reached skill level 2 in Spellcasting
   190 | D:1      | Reached XP level 2. HP: 20/20 MP: 2/4
   511 | D:1      | Reached XP level 3. HP: 23/26 MP: 0/5
   663 | D:1      | Reached skill level 4 in Earth Magic
   969 | D:2      | Found a faded altar of an unknown god.
  1369 | D:2      | Noticed Sigmund
  1488 | D:3      | Learned a level 3 spell: Stone Arrow
  1687 | D:3      | Noticed Robin
  1698 | D:2      | HP: 5/26 [Robin/+0 falchion (6)]
  1704 | D:2      | Killed Robin
  1705 | D:2      | Reached XP level 4. HP: 26/33 MP: 1/6
  1861 | D:3      | Reached skill level 1 in Conjurations
  2038 | D:3      | Found a transporter.
  2040 | D:3      | Noticed Maratek's ghost (amateur DEEE)
  2041 | D:3      | Found a transporter.
  2225 | D:3      | Noticed Terence
  2235 | D:3      | Noticed Jessica
  2252 | D:3      | HP: 8/33 [Terence/+0 mace (1)]
  2259 | D:3      | HP: 5/33 [Terence/+0 mace (3)]
  2263 | D:3      | HP: 1/33 [Terence/+0 mace (3)]
  2267 | D:3      | Slain by Terence

Vanquished Creatures
  Robin (D:2)
  2 dart slugs
  An orc (D:3)
  6 endoplasms
  7 giant cockroaches
  15 goblins
  7 hobgoblins
  2 quokkas
  3 ball pythons
  4 bats
  2 frilled lizards
  4 kobolds
  3 rats (D:1)
57 creatures vanquished.

Table legend:
 A = Non-vault XP
 B = Vault XP
 C = Vault XP percentage of total XP
 D = Non-vault monster count
 E = Vault monster count
 F = Vault count percentage of total count
                 A         B        C        D         E       F
            +---------+---------+-------+---------+---------+-------
      Total |      84 |      34 |  28.8 |      45 |      12 |  21.1
            +---------+---------+-------+---------+---------+-------
        D:1 |      44 |       0 |   0.0 |      25 |       0 |   0.0
        D:2 |      19 |      16 |  45.7 |      11 |       1 |   8.3
        D:3 |      21 |      18 |  46.2 |       9 |      11 |  55.0
            +---------+---------+-------+---------+---------+-------

Skill      XL: |  1  2  3  4 |
---------------+-------------+-----
Spellcasting   | 2 |  2.6
Earth Magic    | 4 |  4.6
Conjurations   | 1 |  1.0
Dodging        | |  1.7
Stealth        | |  2.1
Transmutations | |  0.8

Action                     |  1- 3 |  4- 6 || total
---------------------------+-------+-------++-------
  Melee: Club              |     5 |       ||     5
         Mace              |     7 |    11 ||    18
  Throw: Dart              |       |     3 ||     3
   Cast: Sandblast         |    71 |    27 ||    98
    Use: Potion            |     4 |       ||     4
 Armour: Robe              |    18 |     5 ||    23
         Animal skin       |       |    16 ||    16
  Dodge: Dodged            |    36 |    31 ||    67

Illustrated notes

Table legend:
 A = Kills in this place as a percentage of kills in the entire game.
 B = Kills by you in this place as a percentage of kills by you in the entire game.
 C = Kills by friends in this place as a percentage of kills by friends in the entire game.
 D = Other kills in this place as a percentage of other kills in the entire game.
 E = Experience gained in this place as a percentage of experience gained in the entire game.
 F = Experience gained in this place divided by the number of levels of this place that you have seen.
                   A       B       C       D       E      F
               +-------+-------+-------+-------+-------+----------------------
         Total | 100.0 | 100.0 |   N/A |   N/A | 100.0 |  39.3
       Dungeon | 100.0 | 100.0 |   N/A |   N/A | 100.0 |  39.3
               +-------+-------+-------+-------+-------+----------------------

Table legend: (Time is in decaauts)
 A = Elapsed time spent in this place.
 B = Non-inter-level travel time spent in this place.
 C = Inter-level travel time spent in this place.
 D = Time resting spent in this place.
 E = Time spent auto-exploring this place.
 F = Levels seen in this place.
 G = Mean time per level.
                   A        B        C        D        E       F      G
               +--------+--------+--------+--------+--------+-----+--------+
         Total |   2325 |   2275 |     50 |    161 |   1619 |   3 |  775.0 |
       Dungeon |   2325 |   2275 |     50 |    161 |   1619 |   3 |  775.0 |
               +--------+--------+--------+--------+--------+-----+--------+

Top non-repeatable levels by time:
     D:1: 901 daAuts
     D:2: 736 daAuts
     D:3: 687 daAuts
